 Dungeon Crawl Stone Soup version 0.26-a0-1184-g95e395e029 (webtiles) character file.

Game seed: 6125727529193126845

784708 Dirian the Conqueror (level 27, -7/273 HPs)
             Began as a Minotaur Fighter on Dec 26, 2020.
             Was the Champion of Okawaru.
             Mangled by an Ice Fiend (11 damage)
             ... on level 7 of Cocytus on Dec 27, 2020.
             The game lasted 02:55:35 (61872 turns).

Dirian the Conqueror (Minotaur Fighter)            Turns: 61872, Time: 02:55:36

Health: -7/273     AC: 51    Str: 40    XL:     27
Magic:  38/38      EV: 21    Int: 13    God:    Okawaru [******]
Gold:   10902      SH:  0    Dex: 29    Spells: 26/26 levels left

rFire    + + .     SeeInvis .   R - +8 autumn katana {vorpal, Clar}
rCold    + + +     Faith    .   Q - +2 tower shield of Hoil {rElec Str+3 Dex+5}
rNeg     + . .     Spirit   .   L - +12 gold dragon scales
rPois    +         Reflect  .   s - +2 hat
rElec    +         Harm     .   B - +2 cloak of Oily Liberty {rC++ Slay+2}
rCorr    +         Rampage  .   M - +2 pair of gloves of Orthodoxy {rPois Will- Dex+7 Slay+5}
Will     +++..     Clarity  +   N - +0 pair of boots of Honour {Regen+ rCorr Str+3}
Stlth    ..........             b - amulet of regeneration
HPRegen  1.35/turn              y - ring "Ogaps" {rN+ Will+ Str+2 Int+6}
MPRegen  0.26/turn              o - ring "Owkegus" {Fire +Inv Will+ Dex+5 Stlth-}

@: confused, very slow
A: retaliatory headbutt, horns 2, clever 1, cold resistance 1, no potion heal 1
}: 4/15 runes: barnacled, slimy, silver, gossamer
a: Renounce Religion, Evoke Invisibility, Heroism, Finesse


You were on level 7 of Cocytus.
You worshipped Okawaru.
Okawaru was exalted by your worship.
You visited 13 branches of the dungeon, and saw 65 of its levels.
You also visited: Ice Cave and Volcano.

You collected 11954 gold pieces.
You spent 1052 gold pieces at shops.

Inventory:

Hand Weapons
 c - a +3 demon blade of venom
 R - the +8 autumn katana (weapon) {vorpal, Clar}
   (Okawaru gifted it to you on level 13 of the Dungeon)

   It inflicts extra damage upon your enemies.
   It protects you against confusion.
 W - the +8 scimitar "Bazik" {vorpal, +Blink rC+++ rN+ Dex-3}
   (You found it on level 5 of the Pits of Slime)

   It inflicts extra damage upon your enemies.
   It affects your dexterity (-3).
   It renders you almost immune to cold.
   It protects you from negative energy.
   It lets you blink.
Armour
 s - a +2 hat (worn)
 A - the +1 cloak "Afuoj" {rCorr Str-3 Int+5 Dex+4}
   (Okawaru gifted it to you on level 4 of the Vaults)

   It affects your strength (-3).
   It affects your intelligence (+5).
   It affects your dexterity (+4).
   It provides partial protection from all sources of acid and corrosion.
 B - the +2 cloak of Oily Liberty (worn) {rC++ Slay+2}
   (Okawaru gifted it to you on level 1 of the Vaults)

   It affects your accuracy and damage with ranged weapons and melee attacks
   (+2).
   It greatly protects you from cold.
 D - the -1 hat "Tidar" {Str+2 SInv}
   (Okawaru gifted it to you on level 2 of the Realm of Zot)

   It affects your strength (+2).
   It lets you see invisible.
 L - +12 gold dragon scales (worn)
 M - the +2 pair of gloves of Orthodoxy (worn) {rPois Will- Dex+7 Slay+5}
   (You found it on level 14 of the Dungeon)

   It affects your dexterity (+7).
   It affects your accuracy and damage with ranged weapons and melee attacks
   (+5).
   It protects you from poison.
   It affects your willpower, your defense against some magical effects.
 N - the +0 pair of boots of Honour (worn) {Regen+ rCorr Str+3}
   (You found it on level 3 of the Shoals)

   It affects your strength (+3).
   It increases your rate of regeneration.
   It provides partial protection from all sources of acid and corrosion.
 P - the +4 dragonskin cloak
   (You took it off Tiamat on level 4 of the Realm of Zot)
 Q - the +2 tower shield of Hoil (worn) {rElec Str+3 Dex+5}
   (You bought it in a shop on level 2 of the Orcish Mines)

   It affects your strength (+3).
   It affects your dexterity (+5).
   It insulates you from electricity.
 S - a +2 pair of boots of flying
Jewellery
 b - an amulet of regeneration (around neck)
 i - the ring "Urutt" {rC- Str+2 Int+4 Dex+4 Stlth-}
   (You found it on level 2 of the Realm of Zot)

   [ring of attention]

   It affects your strength (+2).
   It affects your intelligence (+4).
   It affects your dexterity (+4).
   It makes you vulnerable to cold.
   It makes you less stealthy.
 l - an uncursed ring of positive energy
 o - the ring "Owkegus" (right hand) {Fire +Inv Will+ Dex+5 Stlth-}
   (You found it on level 5 of the Dungeon)

   [ring of fire]

   It enhances your fire magic.
   It affects your dexterity (+5).
   It protects you from fire.
   It makes you vulnerable to cold.
   It affects your willpower, your defense against some magical effects.
   It lets you turn invisible.
   It makes you less stealthy.
 y - the ring "Ogaps" (left hand) {rN+ Will+ Str+2 Int+6}
   (You acquired it on level 3 of the Shoals)

   [ring of intelligence]

   It affects your strength (+2).
   It affects your intelligence (+6).
   It protects you from negative energy.
   It affects your willpower, your defense against some magical effects.
 C - the ring of the Ageing King {rElec rF+}
   (You found it on level 3 of the Crypt)

   [ring of protection from fire]

   It protects you from fire.
   It insulates you from electricity.
 E - an uncursed ring of protection from cold
 G - an uncursed ring of willpower
 K - the ring "Hocohod" {Ice rElec Will+ SInv}
   (You found it on level 2 of the Realm of Zot)

   [ring of ice]

   It enhances your ice magic.
   It makes you vulnerable to fire.
   It protects you from cold.
   It insulates you from electricity.
   It affects your willpower, your defense against some magical effects.
   It lets you see invisible.
 T - an uncursed amulet of reflection
Wands
 e - a wand of disintegration (36)
 u - a wand of iceblast (52)
 v - a wand of digging (21)
 H - a wand of acid (51)
Scrolls
 f - 2 scrolls of silence
 j - a scroll of summoning
 p - 4 scrolls of immolation
 r - 12 scrolls of identify
 t - 27 scrolls of teleportation
 x - 36 scrolls of remove curse
 z - 6 scrolls of blinking
 I - 6 scrolls of magic mapping
 J - 3 scrolls of enchant armour
 Y - 2 scrolls of holy word
Potions
 a - 11 potions of cancellation
 d - 4 potions of might
 g - 10 potions of lignification
 h - 10 potions of haste
 m - 4 potions of flight
 n - 2 potions of resistance
 q - 23 potions of curing
 w - 5 potions of heal wounds
 F - 12 potions of ambrosia
 O - a potion of magic
 V - 9 potions of attraction
Miscellaneous
 U - the horn of Geryon


   Skills:
 O Level 27 Fighting
 O Level 27 Long Blades
 - Level 0.7(1.2) Axes
 - Level 1.0(1.2) Maces & Flails
 - Level 0.9(1.2) Polearms
 - Level 0.7(1.2) Staves
 - Level 0.6(0.8) Slings
 + Level 0.6 Bows
 + Level 0.6 Crossbows
 - Level 0.5(0.7) Throwing
 O Level 27 Armour
 * Level 13.0 Dodging
 O Level 27 Shields
 - Level 0.3 Conjurations
 - Level 0.3 Hexes
 - Level 0.3 Summonings
 - Level 0.3 Necromancy
 - Level 0.3 Translocations
 - Level 0.3 Transmutations
 - Level 0.3 Fire Magic
 - Level 0.3 Ice Magic
 - Level 0.6 Air Magic
 - Level 0.4 Earth Magic
 - Level 0.4 Poison Magic
 * Level 24.8 Invocations


You had 26 spell levels left.
You didn't know any spells.
Your spell library contained the following spells:

 Spells                   Type           Power        Failure   Level
 Animate Skeleton         Necr           0%           67%         1
 Beastly Appendage        Tmut           0%           67%         1
 Freeze                   Ice            0%           67%         1
 Pain                     Necr           0%           67%         1
 Sting                    Tmut/Pois      4%           67%         1
 Apportation              Tloc           0%           69%         1
 Corona                   Hex            0%           69%         1
 Foxfire                  Conj/Fire      4%           69%         1
 Magic Dart               Conj           0%           69%         1
 Summon Small Mammal      Summ           0%           69%         1
 Swiftness                Air            1%           78%         2
 Corpse Rot               Necr/Air       N/A          80%         2
 Poisonous Vapours        Pois/Air       2%           80%         2
 Ensorcelled Hibernation  Hex/Ice        0%           82%         2
 Passwall                 Tmut/Erth      0%           82%         2
 Sublimation of Blood     Necr           0%           82%         2
 Blink                    Tloc           N/A          83%         2
 Call Imp                 Summ           0%           83%         2
 Searing Ray              Conj           0%           83%         2
 Slow                     Hex            0%           83%         2
 Mephitic Cloud           Conj/Pois/Air  1%           95%         3
 Static Discharge         Conj/Air       1%           95%         3
 Confusing Touch          Hex            0%           96%         3
 Conjure Flame            Conj/Fire      1%           96%         3
 Dazzling Flash           Conj/Hex       0%           96%         3
 Frozen Ramparts          Ice            0%           96%         3
 Gell's Gravitas          Tloc           0%           96%         3
 Ignite Poison            Fire/Tmut/Pois 1%           96%         3
 Inner Flame              Hex/Fire       1%           96%         3
 Ozocubu's Armour         Ice            0%           96%         3
 Portal Projectile        Hex/Tloc       0%           96%         3
 Tukima's Dance           Hex            0%           96%         3
 Vampiric Draining        Necr           0%           96%         3
 Animate Dead             Necr           0%           100%        4
 Cause Fear               Hex            0%           100%        4
 Dispel Undead            Necr           0%           100%        4
 Fulminant Prism          Conj/Hex       0%           100%        4
 Hailstorm                Conj/Ice       0%           100%        4
 Ice Form                 Ice/Tmut       0%           100%        4
 Iskenderun's Mystic Bla  Conj/Tloc      0%           100%        4
 Leda's Liquefaction      Hex/Erth       0%           100%        4
 Olgreb's Toxic Radiance  Pois           1%           100%        4
 Passage of Golubria      Tloc           N/A          100%        4
 Petrify                  Tmut/Erth      1%           100%        4
 Sticky Flame             Conj/Fire      1%           100%        4
 Summon Ice Beast         Ice/Summ       0%           100%        4
 Summon Lightning Spire   Summ/Air       1%           100%        4
 Agony                    Necr           0%           100%        5
 Alistair's Intoxication  Tmut/Pois      0%           100%        5
 Bolt of Magma            Conj/Fire/Erth 0%           100%        5
 Borgnjor's Vile Clutch   Necr/Erth      0%           100%        5
 Excruciating Wounds      Necr           0%           100%        5
 Fireball                 Conj/Fire      0%           100%        5
 Irradiate                Conj/Tmut      0%           100%        5
 Iskenderun's Battlesphe  Conj           0%           100%        5
 Lee's Rapid Deconstruct  Erth           0%           100%        5
 Lightning Bolt           Conj/Air       0%           100%        5
 Metabolic Englaciation   Hex/Ice        0%           100%        5
 Silence                  Hex/Air        0%           100%        5
 Summon Forest            Summ/Tloc      0%           100%        5
 Summon Mana Viper        Hex/Summ       0%           100%        5
 Yara's Violent Unravell  Hex/Tmut       0%           100%        5
 Conjure Ball Lightning   Conj/Air       0%           100%        6
 Death Channel            Necr           0%           100%        6
 Dispersal                Tloc           0%           100%        6
 Eringya's Noxious Bog    Tmut/Pois      0%           100%        6
 Freezing Cloud           Conj/Ice/Air   0%           100%        6
 Invisibility             Hex            0%           100%        6
 Iron Shot                Conj/Erth      0%           100%        6
 Ozocubu's Refrigeration  Ice            0%           100%        6
 Shadow Creatures         Summ           N/A          100%        6
 Simulacrum               Ice/Necr       0%           100%        6
 Starburst                Conj/Fire      0%           100%        6
 Dragon Form              Tmut           0%           100%        7
 Orb of Destruction       Conj           0%           100%        7
 Spellforged Servitor     Conj/Summ      0%           100%        7
 Discord                  Hex            0%           100%        8
 Disjunction              Tloc           0%           100%        8
 Ignition                 Fire           0%           100%        8
 Dragon's Call            Summ           0%           100%        9
 Shatter                  Erth           0%           100%        9
 Tornado                  Air            0%           100%        9


Dungeon Overview and Level Annotations

Branches:
Dungeon (15/15)            Temple (0/1) D:4            Lair (6/6) D:11
 Shoals (4/4) Lair:3       Spider (4/4) Lair:4        Slime (5/5) Lair:5
    Orc (2/2) D:10            Elf (3/3) Orc:2        Vaults (5/5) D:13
  Crypt (3/3) Vaults:3       Tomb (0/3) Crypt:3      Depths (5/5) D:15
   Hell (visited)             Dis (0/7) Hell            Geh (0/7) Hell
    Coc (7/7) Hell            Tar (0/7) Hell            Zot (5/5) Depths:5
  IceCv (visited)         Volcano (visited)

Altars:
Ashenzari
Elyvilon
Gozag
Hepliaklqana
Okawaru
Ru
Sif Muna
Trog
Vehumet
Yredelemnul
The Shining One
Beogh

Shops:
D:7 [   D:11 =   D:15 [   Orc:2 *:?[   Elf:1 =   Vaults:2 (   Vaults:3 (
Depths:3 :[*

Portals:
Hell: Depths:1 Depths:2 Depths:3 Depths:4 Depths:5
Abyss: Depths:4
Pandemonium: Depths:3
Ziggurat: Depths:3
Trove: Depths:2 (give 4 potions of resistance)

Annotations:
Lair:5 exclusion: ice statue
Zot:2 1 transporter


Innate Abilities, Weirdness & Mutations

You reflexively headbutt those who attack you in melee.
You have a pair of horns on your head.
Your mind is acute. (Int +2)
Your flesh is cold resistant. (rC+)
Potions are less effective at restoring your health.


Message History

The ice dragon is engulfed in freezing vapours.
The ice dragon dies!
You hear a splash.
The ice dragon scales are intact enough to wear.
You are confused.
Your system partially rejects the healing.
You feel invigorated.
The ice dragon bites you but does no damage.
The ice dragon completely misses you. The ice dragon barely misses you.
The reaper hits you but does no damage. Space bends around you.
* * * LOW HITPOINT WARNING * * *
The ice dragon breathes frost at you.
The blast of cold hits the ice dragon!
The ice dragon resists.
The ice dragon dies!
The blast of cold hits you. You resist.
* * * LOW HITPOINT WARNING * * *
The ice dragon breathes frost at you.
The blast of cold hits you but does no damage.
The Ice Fiend claws you!
You die...

...≈≈≈≈≈≈#,,,*+****+*,,,*≈≈≈≈≈≈,,
....≈≈≈≈≈#,,,+,####,+,,,*≈≈≈≈≈≈,,
....≈≈≈≈≈##,,*##≈≈##*,,**≈≈≈≈≈,,,
#....≈≈≈≈≈#####≈≈≈≈#####≈≈≈≈≈,,,,
##.....≈≈≈≈≈≈≈≈≈≈≈≈≈≈≈≈≈≈≈≈,,,,,*
.##......≈≈≈≈≈≈≈≈≈≈≈E≈≈≈≈,,,,,,**
..##.......≈≈≈≈≈22≈D.....,,,,,**,
...##...⌠..≈≈≈≈ZD2.......⌠,,,**,,
..[.##.....≈≈≈≈°@1.......,,,**,,,
≈....####################****,,,,
≈≈....######################....≈
.≈≈.....≈≈≈≈≈..................≈≈
..≈≈....≈≈≈≈≈.................≈≈.
...≈≈≈≈≈≈≈≈≈≈≈≈≈≈≈≈≈≈≈≈≈≈≈≈≈≈≈≈..
#...≈≈≈≈≈≈≈≈≈≈≈≈≈≈≈≈≈≈≈≈≈≈≈≈≈≈...
##...≈≈≈≈≈≈≈≈≈≈≈≈≈≈≈≈≈≈≈≈≈≈≈≈...#
,##...............†....).......##


You could see an Ice Fiend, 2 ice dragons, a reaper, 2 blizzard demons, an
elemental wellspring and a shadow dragon zombie.

Vanquished Creatures
  the Royal Jelly (Slime:5)
  Khufu (Crypt:1)
  Tiamat (Zot:4)
  3 orbs of fire
  5 ancient liches
  A juggernaut (Depths:3)
  Sojobo (Vaults:2)
  A royal mummy (Depths:2)
  13 shard shrikes
  Bai Suzhen (Shoals:3)
  10 Killer Klowns
  Saint Roka (Vaults:4)
  4 curse toes
  3 caustic shrikes
  Nikola (Depths:2)
  11 golden dragons
  Geryon (Hell)
  Arachne (Spider:2)
  3 bone dragons
  The ghost of Tiydusif the Dwarven Aeon, an adept DDFi of Cheibriados (Depths:2)
  3 electric golems
  Jorgrun (Orc:1)
  19 tentacled monstrosities
  Rupert (Orc:2)
  5 Ice Fiends
  25 Orb Guardians (Zot:5)
  Murray (Hell)
  5 liches
  8 titans
  7 quicksilver dragons
  20 acid blobs
  2 deep elf blademasters
  2 deep elf master archers (Elf:3)
  5 sphinxes
  9 death cobs
  2 ancient champions (Crypt:3)
  6 tengu reavers
  13 shadow dragons
  Gastronok (D:11)
  6 draconian monks
  Kirke (Shoals:4)
  Polyphemus (Shoals:2)
  14 storm dragons
  Ilsuiw (Shoals:2)
  3 revenants
  The ghost of Guqom the Severer, a journeyman MiBe of Trog (Shoals:3)
  12 fire giants
  Donald (Vaults:1)
  3 deep elf sorcerers (Elf:3)
  10 draconian knights
  13 azure jellies
  An iron dragon (Depths:4)
  5 ghost moths
  A balrug (Hell)
  7 frost giants
  4 draconian scorchers
  8 draconian shifters
  3 caustic shrike zombies
  5 deep elf elementalists
  Aizul (Elf:3)
  23 vault wardens
  A juggernaut zombie (Depths:3)
  5 draconian stormcallers
  3 orc warlords
  The ghost of casual the Blocker, a journeyman TrDe of Cheibriados (Lair:5)
  Louise (Shoals:1)
  4 cacodemons
  7 emperor scorpions (Spider:4)
  11 ghouls
  A spriggan defender (Depths:3)
  A stone giant (shapeshifter) (Vaults:5)
  10 reapers
  17 ironheart preservers
  A war gargoyle (Vaults:5)
  4 elemental wellsprings
  15 green draconians
  3 draconian annihilators
  14 stone giants
  25 very ugly things
  Nessos (Orc:2)
  7 deep elf annihilators
  6 vampire knights
  5 entropy weavers
  5 deep elf demonologists
  Azrael (Orc:2)
  11 black draconians
  A dire elephant (Lair:6)
  18 purple draconians
  12 white draconians
  10 yellow draconians
  5 spark wasps
  8 red draconians
  4 merfolk javelineers
  5 blizzard demons
  12 eidola
  13 ettins
  11 death oozes
  16 deep elf death magi
  7 fire dragons
  3 jiangshi (Crypt:3)
  12 merfolk impalers
  2 kraken zombies
  5 deep elf high priests
  3 spectral quicksilver dragons (Crypt:3)
  24 yaktaur captains
  19 great orbs of eyes
  22 ice dragons
  10 boulder beetles
  32 vault guards
  3 quicksilver dragon skeletons
  9 hydras
  5 rakshasas
  Harold (Lair:2)
  3 merfolk avatars
  4 death knights
  3 catoblepae
  3 spriggan air magi
  An anaconda (shapeshifter) (Elf:3)
  2 spectral stone giants (Crypt:3)
  16 centaur warriors
  2 satyrs
  7 ogre magi
  2 alligators (Lair:4)
  27 two-headed ogres
  31 dancing weapons
  7 merfolk aquamancers
  7 deep troll earth magi
  A spectral frost giant (Crypt:3)
  A queen ant (Spider:3)
  2 spectral fire giants (Crypt:3)
  16 death yaks
  11 deep troll shamans
  2 titan zombies (Coc:7)
  7 tengu warriors
  2 hell hogs (Depths:5)
  5 orc high priests
  4 spectral storm dragons (Crypt:3)
  3 vampire magi
  9 spriggan berserkers
  25 deep elf knights
  6 soul eaters
  2 storm dragon zombies
  14 hell knights
  A sun demon (Hell)
  4 titan skeletons
  13 shadow wraiths
  A storm dragon skeleton (Coc:6)
  2 iron trolls
  A fire crab (shapeshifter) (Vaults:4)
  29 skeletal warriors
  A swamp dragon (Lair:4)
  A spark wasp zombie (Depths:2)
  3 golden dragon zombies
  7 anaconda zombies
  2 unseen horrors
  A sixfirhy (Hell)
  15 sea snakes
  A goliath frog (Lair:4)
  2 wizards
  5 large abominations
  38 deep trolls
  A spectral iron dragon (Crypt:3)
  A kraken simulacrum (Coc:6)
  11 flayed ghosts
  A glowing orange brain (Depths:2)
  18 deep elf archers
  2 golden dragon skeletons
  8 necromancers
  21 harpies
  18 phantasmal warriors
  4 iron dragon zombies
  17 ironbrand convokers
  14 orc knights
  2 spectral hydras (Crypt:3)
  4 fire giant zombies
  A shadow dragon zombie (Hell)
  77 deep elf magi
  2 frost giant zombies
  5 shining eyes
  15 orb spiders
  2 salamanders
  3 shadow dragon skeletons
  11 cyclopes
  12 orc sorcerers
  4 anaconda skeletons
  A sphinx zombie (Depths:2)
  79 ugly things
  2 stone giant zombies
  22 wolf spiders
  26 fauns
  A faun (shapeshifter) (Vaults:5)
  6 manticores
  An oklob plant (D:10)
  A spectral fire dragon (Crypt:3)
  2 moths of wrath (shapeshifter)
  A salamander (shapeshifter) (Vaults:5)
  A cyclops (shapeshifter) (Vaults:5)
  A frost giant skeleton (Crypt:3)
  A tengu skeleton (Depths:3)
  3 ice statues (IceCv)
  3 iron dragon skeletons
  2 black mambas (shapeshifter)
  3 black mambas
  2 dire elephant zombies
  3 elephants (Lair:6)
  21 moths of wrath
  13 vault sentinels
  An eye of devastation (Slime:2)
  A smoke demon (Volcano)
  8 water nymphs
  4 fire giant skeletons
  9 merfolk sirens
  An orange demon (Hell)
  A rust devil (Hell)
  A spectral sea snake (Shoals:3)
  15 cane toads
  Maggie (D:10)
  An elf skeleton (Depths:3)
  A torpor snail (Spider:3)
  3 storm dragon simulacra (Coc:7)
  A rime drake (shapeshifter) (Vaults:1)
  2 rime drakes
  2 catoblepas zombies
  A spectral water nymph (Shoals:3)
  76 yaktaurs
  A small abomination (Vaults:5)
  13 demonic crawlers
  2 dire elephant skeletons
  4 spriggan zombies
  An anaconda simulacrum (Coc:7)
  37 freezing wraiths
  2 kobold demonologists
  A white draconian skeleton (Crypt:3)
  4 komodo dragons
  A spectral merfolk (Shoals:3)
  8 guardian mummies
  3 tengu conjurers
  30 jumping spiders
  A black draconian zombie (Coc:3)
  A queen bee (D:13)
  6 red devils
  A shadow dragon simulacrum (Coc:7)
  37 ice devils
  9 hydra zombies
  14 trolls
  A catoblepas skeleton (Coc:7)
  36 merfolk
  2 tyrant leeches (Lair:4)
  A death drake zombie (Crypt:2)
  An iron troll skeleton (Crypt:3)
  4 polar bears
  A tengu simulacrum (Vaults:2)
  A wind drake (shapeshifter) (D:13)
  A meliai (shapeshifter) (Vaults:1)
  2 jumping spiders (shapeshifter)
  4 wind drakes
  3 ice dragon zombies
  A harpy skeleton (Coc:6)
  67 slime creatures
  13 blink frogs
  6 meliai
  9 hornets
  Prince Ribbit (D:6)
  A fire dragon zombie (Hell)
  10 dream sheep
  2 fire giant simulacra
  11 snapping turtles
  3 hydra skeletons
  3 alligator zombies
  An ettin zombie (Coc:3)
  An elf zombie (Depths:1)
  53 redbacks
  6 flying skulls
  An alligator skeleton (Coc:3)
  A spriggan skeleton (Depths:1)
  8 shadows
  11 wraiths
  2 wyverns
  A vampire (D:13)
  4 air elementals
  A spriggan (shapeshifter) (Vaults:2)
  5 spriggans
  21 tarantellas
  A tarantella (shapeshifter) (Vaults:4)
  An alligator snapping turtle simulacrum (Shoals:3)
  3 ettin skeletons
  2 hogs (Shoals:4)
  30 water elementals
  Grum (Lair:1)
  10 fire elementals
  3 basilisks
  3 fire bats (Depths:1)
  A sea snake simulacrum (Shoals:3)
  2 yaks (shapeshifter)
  34 yaks
  5 ice dragon skeletons (Coc:7)
  A steam dragon (Lair:3)
  2 merfolk simulacra (Shoals:3)
  A catoblepas simulacrum (Coc:3)
  15 soldier ants (Spider:3)
  2 wargs
  A human zombie (Depths:2)
  A swamp worm (shapeshifter) (Vaults:4)
  2 swamp worms (Lair:4)
  4 acid dragons
  A spectral cane toad (Crypt:3)
  A warg (shapeshifter) (Vaults:5)
  A spectral snapping turtle (Crypt:3)
  A soldier ant (shapeshifter) (Vaults:5)
  4 hydra simulacra
  A floating eye (shapeshifter) (Vaults:5)
  11 water moccasins
  5 cane toad zombies
  9 hell hounds
  A swamp drake (Lair:4)
  13 ice beasts
  61 orc warriors
  A cane toad skeleton (Coc:7)
  2 black bears
  2 swamp dragon zombies
  3 phantoms
  10 necrophages
  7 sky beasts
  2 alligator simulacra
  4 eyes of draining
  4 boggarts (Vaults:2)
  A tengu (shapeshifter) (Vaults:5)
  A snapping turtle zombie (Coc:3)
  47 wolves
  A blink frog skeleton (Crypt:2)
  34 ogres
  A snapping turtle skeleton (Coc:1)
  42 centaurs
  A torpor snail zombie (Crypt:3)
  A draconian zombie (Crypt:3)
  An earth elemental (Elf:3)
  3 big kobolds
  2 salamander zombies
  14 bullfrogs
  A gnoll sergeant (D:8)
  A glowing shapeshifter simulacrum (Vaults:2)
  A water moccasin zombie (D:11)
  A wyvern zombie (D:15)
  A wyvern skeleton (D:9)
  4 scorpions
  A troll skeleton (Crypt:1)
  31 killer bees
  7 wights
  2 manticore simulacra (Shoals:3)
  6 howler monkeys
  7 electric eels
  A raiju skeleton (Crypt:2)
  6 centaur zombies
  2 crimson imps (Hell)
  3 bullfrog zombies
  A draconian simulacrum (IceCv)
  8 hounds
  A quasit (D:12)
  34 orc priests
  30 orc wizards
  3 bullfrog skeletons
  10 jellies
  3 centaur skeletons
  3 iguanas
  24 worker ants
  Natasha (thrice) (D:4)
  A human skeleton (Coc:7)
  A killer bee zombie (D:6)
  3 troll simulacra (IceCv)
  3 spriggan simulacra
  2 centaur simulacra (IceCv)
  A deep dwarf skeleton (Crypt:2)
  A felid skeleton (Crypt:1)
  A hound skeleton (D:7)
  18 mummies
  A worker ant zombie (D:9)
  2 howler monkey zombies
  Robin (D:3)
  15 gnolls
  10 adders
  A howler monkey skeleton (D:6)
  An ogre simulacrum (IceCv)
  A scorpion zombie (Crypt:2)
  A naga simulacrum (IceCv)
  2 shadow imps (D:7)
  15 white imps
  2 ufetubi
  2 oozes (Lair:5)
  2 adder skeletons
  An adder zombie (D:5)
  6 worms
  2 dart slugs
  5 leopard geckos
  159 orcs
  9 bats
  12 giant cockroaches
  12 hobgoblins
  5 jackals
  3 quokkas
  A river rat zombie (Crypt:3)
  4 ball pythons
  4 frilled lizards
  17 goblins
  15 kobolds
  A leopard gecko skeleton (D:4)
  A leopard gecko zombie (D:8)
  11 rats
  A rat zombie (Crypt:1)
  A crawling corpse (Depths:3)
  5 tentacles
3136 creatures vanquished.

Vanquished Creatures (others)
  A deep elf blademaster (Elf:3)
  A storm dragon (Zot:2)
  An elemental wellspring (Coc:7)
  3 ice dragons (Coc:7)
  3 death yaks (Lair:5)
  A deep elf knight (Elf:2)
  A goliath frog (Lair:4)
  A komodo dragon (Lair:5)
  A swamp drake (Lair:4)
  A water moccasin (Lair:4)
  An ogre (Orc:2)
  9 wolves (Lair:4)
  A bullfrog (Lair:5)
  2 orcs
  2 crawling corpses (Vaults:5)
  26 fungi
  115 plants
  8 tentacles
  5 toadstools (D:10)
  3 withered plants
186 creatures vanquished.

Grand Total: 3322 creatures vanquished

Notes
Turn   | Place    | Note
-------+----------+-------------------------------------------
     0 | D:1      | Dirian the Minotaur Fighter began the quest for the Orb.
     0 | D:1      | Reached XP level 1. HP: 19/19 MP: 0/0
   202 | D:1      | Reached XP level 2. HP: 27/27 MP: 1/1
   712 | D:2      | Reached XP level 3. HP: 27/33 MP: 2/2
   772 | D:2      | Reached XP level 4. HP: 34/40 MP: 3/3
   874 | D:2      | Found an iron altar of Okawaru.
   955 | D:2      | Became a worshipper of Warmaster Okawaru
  1142 | D:2      | Reached skill level 5 in Armour
  1144 | D:2      | Found a bloodstained altar of Trog.
  1230 | D:2      | Reached XP level 5. HP: 47/47 MP: 4/4
  1314 | D:2      | Found a broken altar of Ashenzari.
  1779 | D:3      | Reached skill level 5 in Shields
  1846 | D:3      | Noticed Robin
  1850 | D:3      | Killed Robin
  2202 | D:3      | Reached XP level 6. HP: 49/53 MP: 5/5
  2521 | D:4      | Reached skill level 5 in Long Blades
  2568 | D:4      | Noticed Natasha
  2572 | D:4      | Killed Natasha
  2572 | D:4      | Reached * piety under Okawaru
  2646 | D:4      | Found a staircase to the Ecumenical Temple.
  2655 | D:4      | Noticed Natasha
  2664 | D:4      | Killed Natasha
  2704 | D:4      | Reached skill level 5 in Fighting
  2913 | D:4      | Noticed Natasha
  2921 | D:4      | Killed Natasha
  2922 | D:4      | Reached skill level 1 in Invocations
  2922 | D:4      | Reached XP level 7. HP: 52/61 MP: 6/6
  3381 | D:5      | Entered Level 5 of the Dungeon
  3610 | D:5      | Got a shimmering granite ring
  3810 | D:5      | Reached XP level 8. HP: 69/69 MP: 5/8
  4070 | D:5      | Identified the ring "Owkegus" {Fire +Inv Will+ Dex+5
                  | Stlth-} (You found it on level 5 of the Dungeon)
  4106 | D:6      | Reached ** piety under Okawaru
  4382 | D:6      | Noticed Prince Ribbit
  4396 | D:6      | Killed Prince Ribbit
  4396 | D:6      | Reached *** piety under Okawaru
  4397 | D:6      | Reached XP level 9. HP: 67/78 MP: 8/11
  4550 | D:6      | Reached skill level 10 in Long Blades
  4867 | D:7      | Found Hedowuve's Antique Armour Shoppe.
  5047 | D:7      | Reached skill level 5 in Invocations
  5438 | D:8      | Reached **** piety under Okawaru
  6070 | D:9      | Found a radiant altar of Vehumet.
  6134 | D:8      | Reached XP level 10. HP: 88/88 MP: 13/13
  6497 | D:9      | Noticed a two-headed ogre
  6507 | D:9      | Killed a two-headed ogre
  6507 | D:9      | Reached ***** piety under Okawaru
  6598 | D:9      | Found an opulent altar of Gozag.
  6609 | D:9      | Found a sacrificial altar of Ru.
  6674 | D:10     | Entered Level 10 of the Dungeon
  6690 | D:10     | Found a staircase to the Orcish Mines.
  6858 | D:10     | Noticed Maggie
  6877 | D:10     | Killed Maggie
  6948 | D:10     | Found a shimmering blue altar of Sif Muna.
  6949 | D:10     | Noticed an oklob plant
  7313 | D:10     | Killed an oklob plant
  7313 | D:10     | Received a gift from Okawaru
  7399 | D:11     | Noticed a white ugly thing
  7415 | D:11     | Killed a white ugly thing
  7470 | D:11     | Found a white marble altar of Elyvilon.
  7498 | D:11     | Noticed a purple ugly thing
  7506 | D:11     | Killed a purple ugly thing
  7507 | D:11     | Reached XP level 11. HP: 95/97 MP: 15/15
  7550 | D:11     | Found Afaosch's Jewellery Shoppe.
  7566 | D:11     | Reached skill level 10 in Armour
  7782 | D:11     | Found a staircase to the Lair.
  7833 | D:11     | Noticed a red ugly thing
  7834 | D:11     | Noticed Gastronok
  7854 | D:11     | Killed a red ugly thing
  7875 | D:11     | Killed Gastronok
  7876 | D:11     | Reached skill level 10 in Fighting
  7980 | D:11     | Noticed a boulder beetle
  8002 | D:11     | Killed a boulder beetle
  8233 | D:11     | Noticed a cyan ugly thing
  8245 | D:11     | Killed a cyan ugly thing
  8527 | Lair:1   | Entered Level 1 of the Lair of Beasts
  8574 | Lair:1   | Noticed Grum
  8599 | Lair:1   | Killed Grum
  8780 | Lair:1   | Noticed a five-headed hydra
  8799 | Lair:1   | Received a gift from Okawaru
  8806 | Lair:1   | Killed a two-headed hydra
  8806 | Lair:1   | Reached ****** piety under Okawaru
  8891 | Lair:1   | Got a crude wooden ring
  9146 | Lair:1   | Reached XP level 12. HP: 82/108 MP: 17/17
  9452 | Lair:1   | Identified the ring of Mextyage {*Tele rC+} (You found it
                  | on level 1 of the Lair of Beasts)
  9550 | Lair:2   | Noticed Harold
  9581 | Lair:2   | Killed Harold
  9581 | Lair:2   | Received a gift from Okawaru
  9588 | Lair:2   | Got a shimmering triple sword {god gift}
  9594 | Lair:2   | Identified the +1 triple sword of the Candle {flame, Int+3}
                  | (Okawaru gifted it to you on level 2 of the Lair of Beasts)
 10460 | Lair:3   | Found a dark tunnel.
 10467 | Volcano  | Entered a volcano
 10530 | Volcano  | Reached skill level 15 in Long Blades
 10578 | Volcano  | Received a gift from Okawaru
 10670 | Lair:3   | Noticed a seven-headed hydra
 10678 | Lair:3   | Killed a one-headed hydra
 10921 | Lair:3   | Noticed a five-headed hydra
 10929 | Lair:3   | Killed a one-headed hydra
 11011 | Lair:3   | Found a staircase to the Shoals.
 11082 | Lair:3   | Reached XP level 13. HP: 119/119 MP: 19/19
 11521 | Lair:3   | Reached skill level 10 in Shields
 11521 | Lair:3   | Reached XP level 14. HP: 67/127 MP: 20/20
 11864 | Lair:4   | HP: 5/127 [alligator (11)]
 12255 | Lair:4   | Found a hole to the Spider Nest.
 12262 | Lair:4   | Got a glimmering short sword
 12273 | Lair:4   | You fall into a shaft and drop 2 floors!
 12273 | Lair:6   | Entered Level 6 of the Lair of Beasts
 12308 | Lair:5   | Reached skill level 10 in Invocations
 12477 | Lair:5   | Found a frozen archway.
 12482 | IceCv    | Entered an ice cave
 13156 | IceCv    | Received a gift from Okawaru
 13206 | IceCv    | Identified the +3 short sword of Courage {flame, *Rage rN+
                  | Int+5} (You found it on level 4 of the Lair of Beasts)
 13394 | Lair:5   | Found a staircase to the Slime Pits.
 13897 | Lair:5   | Found a runed translucent door.
 13899 | Lair:5   | Noticed casual's ghost (journeyman TrDe)
 14226 | Lair:5   | Killed casual's ghost
 14236 | Lair:5   | Identified a scroll of acquirement
 14236 | Lair:5   | Acquired 953 gold pieces
 15192 | Lair:6   | Reached XP level 15. HP: 103/137 MP: 22/22
 15414 | Lair:6   | Received a gift from Okawaru
 16125 | Lair:6   | Identified the Incunabulum of the Entourage and Dark Magic
 16421 | Orc:1    | Entered Level 1 of the Orcish Mines
 16423 | Orc:1    | Noticed an orc warlord
 16466 | D:10     | Killed an orc warlord
 16751 | Orc:2    | Entered Level 2 of the Orcish Mines
 16818 | Orc:2    | Noticed Azrael
 16833 | Orc:2    | Killed Azrael
 17097 | Orc:2    | Noticed Nessos
 17110 | Orc:2    | Killed Nessos
 17177 | Orc:2    | Noticed Rupert
 17186 | Orc:2    | Killed Rupert
 17198 | Orc:2    | Received a gift from Okawaru
 17344 | Orc:1    | Noticed Jorgrun
 17367 | Orc:1    | Killed Jorgrun
 17533 | Orc:2    | Found a roughly hewn altar of Beogh.
 17656 | Orc:2    | Found Esmuowku's General Store.
 17709 | Orc:2    | Found Siyrr's Book Shoppe.
 17929 | Orc:2    | Found a staircase to the Elven Halls.
 17995 | Orc:2    | Noticed an orc warlord
 18006 | Orc:2    | Killed an orc warlord
 18145 | Orc:2    | Found a roughly hewn altar of Beogh.
 18145 | Orc:2    | Noticed an orc warlord
 18169 | Orc:2    | Killed an orc warlord
 18169 | Orc:2    | Received a gift from Okawaru
 18173 | Orc:2    | Reached skill level 15 in Fighting
 18296 | Orc:2    | Found Qeisawoxt's Magic Scroll Shoppe.
 18352 | Orc:2    | Bought a scroll of enchant armour for 120 gold pieces
 18371 | Orc:2    | Found Ruhanung's Antique Armour Boutique.
 18497 | Orc:2    | Bought a pair of runed gloves for 195 gold pieces
 18497 | Orc:2    | Bought an ancient tower shield for 247 gold pieces
 18650 | Orc:2    | Reached XP level 16. HP: 149/149 MP: 24/24
 18915 | Orc:2    | Identified the +2 tower shield of Hoil {rElec Str+3 Dex+5}
                  | (You bought it in a shop on level 2 of the Orcish Mines)
 19693 | D:13     | Found a basalt altar of Yredelemnul.
 19743 | D:13     | You fall into a shaft and drop 2 floors!
 19743 | D:15     | Entered Level 15 of the Dungeon
 19926 | D:15     | Found Futhouc's Armour Emporium.
 20175 | D:15     | Received a gift from Okawaru
 20292 | D:15     | Found a staircase to the Depths.
 20739 | D:14     | Got a pair of steaming gloves
 20750 | D:14     | Identified the +2 pair of gloves of Orthodoxy {rPois Will-
                  | Dex+7 Slay+5} (You found it on level 14 of the Dungeon)
 20767 | D:14     | You fall into a shaft and drop 1 floor!
 21063 | D:14     | Reached skill level 15 in Armour
 21067 | D:14     | Reached skill level 15 in Shields
 21412 | D:13     | Found a gate to the Vaults.
 21491 | D:13     | Received a gift from Okawaru
 21492 | D:13     | Found the +8 autumn katana {vorpal, Clar}
 22250 | Spider:1 | Entered Level 1 of the Spider Nest
 23502 | Spider:2 | Noticed Arachne
 23517 | Spider:2 | Killed Arachne
 23557 | Spider:2 | Got a twitching copper ring
 23580 | Spider:2 | Reached XP level 17. HP: 158/158 MP: 25/25
 23644 | Spider:1 | Received a gift from Okawaru
 23645 | Spider:1 | Got a dazzling demon trident {god gift}
 24566 | Spider:3 | Received a gift from Okawaru
 24567 | Spider:3 | Got a pair of fading boots {god gift}
 24655 | Spider:3 | Identified the -4 pair of boots "Dyemm" {rPois Str+10
                  | Dex-5} (Okawaru gifted it to you on level 3 of the Spider
                  | Nest)
 25070 | Spider:3 | Identified the +1 demon trident "Vefu" {flame, *Corrode
                  | rPois SInv} (Okawaru gifted it to you on level 1 of the
                  | Spider Nest)
 25074 | Spider:3 | Identified the ring "Kuasmall" {Wiz Will+} (You found it on
                  | level 2 of the Spider Nest)
 25090 | Spider:4 | Entered Level 4 of the Spider Nest
 25778 | Spider:4 | Got a gossamer rune of Zot
 26339 | Vaults:1 | Entered Level 1 of the Vaults
 26522 | Vaults:1 | Reached XP level 18. HP: 169/169 MP: 27/27
 26527 | Vaults:1 | Received a gift from Okawaru
 26615 | Vaults:1 | Noticed Donald
 26623 | Vaults:1 | Killed Donald
 27056 | Vaults:1 | Received a gift from Okawaru
 27058 | Vaults:1 | Got a heavily runed cloak {god gift}
 27720 | Vaults:1 | Identified the +2 cloak of Oily Liberty {rC++ Slay+2}
                  | (Okawaru gifted it to you on level 1 of the Vaults)
 27888 | Vaults:2 | Found a hazy altar of Hepliaklqana.
 28240 | Vaults:2 | You fall into a shaft and drop 2 floors!
 28371 | Vaults:4 | Received a gift from Okawaru
 28372 | Vaults:4 | Got a spiked cloak {god gift}
 28760 | Vaults:4 | Noticed Saint Roka
 28763 | Vaults:4 | Reached XP level 19. HP: 166/179 MP: 29/29
 28797 | Vaults:4 | Killed Saint Roka
 28965 | Vaults:4 | Reached skill level 15 in Invocations
 29635 | Vaults:4 | Received a gift from Okawaru
 30042 | Vaults:4 | Identified the +1 cloak "Afuoj" {rCorr Str-3 Int+5 Dex+4}
                  | (Okawaru gifted it to you on level 4 of the Vaults)
 30693 | Vaults:3 | Received a gift from Okawaru
 30698 | Vaults:3 | Got a brightly glowing chain mail {god gift}
 30936 | Vaults:3 | Paralysed by a sphinx for 4 turns
 30946 | Vaults:3 | Found Kezoemem's Antique Weapon Emporium.
 31208 | Vaults:3 | Reached XP level 20. HP: 180/191 MP: 30/30
 31337 | Vaults:3 | Noticed a bone dragon
 31348 | Vaults:3 | Killed a bone dragon
 31350 | Vaults:3 | Found a staircase to the Crypt.
 31632 | Vaults:2 | Found Idajy's Weapon Shop.
 31904 | Vaults:2 | You fall into a shaft and drop 1 floor!
 32014 | Vaults:2 | Received a gift from Okawaru
 32117 | Vaults:2 | Noticed Sojobo
 32131 | Vaults:2 | Killed Sojobo
 32442 | Vaults:2 | Identified the +8 chain mail "Exyjyemm" {rC++ Str+6 Int-2}
                  | (Okawaru gifted it to you on level 3 of the Vaults)
 32738 | Elf:1    | Entered Level 1 of the Elven Halls
 33070 | Elf:1    | Found Hyullips's Jewellery Emporium.
 33312 | Elf:1    | Identified the Tome of the Engineer
 33761 | Elf:2    | Found a runed translucent gate.
 33761 | Elf:2    | Found a runed translucent gate.
 33761 | Elf:2    | Found a runed translucent gate.
 33826 | Elf:2    | Received a gift from Okawaru
 33827 | Elf:2    | Got a translucent plate armour {god gift}
 34011 | Elf:2    | Identified the +9 plate armour "Jywat" {+Fly Dex+6 SInv
                  | Stlth+} (Okawaru gifted it to you on level 2 of the Elven
                  | Halls)
 34120 | Elf:2    | Reached XP level 21. HP: 173/201 MP: 31/31
 34416 | Elf:3    | Entered Level 3 of the Elven Halls
 35184 | Elf:3    | Received a gift from Okawaru
 35192 | Elf:3    | Noticed Aizul
 35213 | Elf:3    | Killed Aizul
 35529 | Elf:3    | Identified the +5 great mace of the Orcish Mines {flame,
                  | *Slow rF+ Str+6 Stlth+}
 35536 | Elf:3    | Received a gift from Okawaru
 35568 | Elf:3    | Identified the cursed +0 battleaxe of Kaodu {speed, rN+}
 35833 | Elf:3    | Identified the Grimoire of Changing and Dislocation
 35840 | Elf:3    | Got a steaming glass ring
 35983 | Elf:3    | Identified the ring of Qeolawn {Int+3 Stlth+} (You found it
                  | on level 3 of the Elven Halls)
 36308 | Shoals:1 | Entered Level 1 of the Shoals
 36403 | Shoals:1 | Noticed Louise
 36409 | Shoals:1 | Killed Louise
 37143 | Shoals:2 | Noticed Polyphemus
 37165 | Shoals:2 | Killed Polyphemus
 37430 | Shoals:2 | Noticed Ilsuiw
 37441 | Shoals:2 | Killed Ilsuiw
 37441 | Shoals:2 | Received a gift from Okawaru
 37442 | Shoals:2 | Got a spiked kite shield {god gift}
 38033 | Shoals:3 | Reached XP level 22. HP: 213/213 MP: 32/32
 38035 | Shoals:3 | Noticed Bai Suzhen
 38050 | Shoals:3 | Killed Bai Suzhen
 38145 | Shoals:3 | Found a runed translucent gate.
 38145 | Shoals:3 | Found a runed translucent gate.
 38145 | Shoals:3 | Found a runed translucent gate.
 38574 | Shoals:3 | Noticed Guqom's ghost (journeyman MiBe)
 38611 | Shoals:3 | Killed Guqom's ghost
 38636 | Shoals:3 | Got a pair of distressingly furry boots
 38666 | Shoals:3 | Identified the +0 kite shield of Entitlement {rN+ SInv
                  | Stlth-} (Okawaru gifted it to you on level 2 of the Shoals)
 38667 | Shoals:3 | Identified the +0 pair of boots of Honour {Regen+ rCorr
                  | Str+3} (You found it on level 3 of the Shoals)
 38670 | Shoals:3 | Acquired the ring "Ogaps" {rN+ Will+ Str+2 Int+6}
 38675 | Shoals:4 | Entered Level 4 of the Shoals
 38931 | Shoals:4 | Noticed Kirke
 38947 | Shoals:4 | Killed Kirke
 39272 | Shoals:4 | Received a gift from Okawaru
 39283 | Shoals:4 | Got a barnacled rune of Zot
 40106 | Vaults:5 | Entered Level 5 of the Vaults
 40182 | Vaults:5 | Received a gift from Okawaru
 40544 | Vaults:5 | Reached XP level 23. HP: 222/222 MP: 33/33
 40572 | Vaults:5 | Received a gift from Okawaru
 40578 | Vaults:5 | Identified the +1 tower shield of Dishonour {+Blink}
 40695 | Vaults:5 | Identified Sif Muna's Guide on Unholy Rites and the
                  | Arsonist
 40889 | Vaults:5 | Noticed an ancient lich
 40904 | Vaults:5 | Killed an ancient lich
 40954 | Vaults:5 | Identified the ring "Emonobet" {Wiz rF+}
 40974 | Vaults:5 | Identified the cursed +1 acid dragon scales "Lokabbum" {rF+
                  | rC++ rCorr Stlth+}
 40990 | Vaults:5 | Received a gift from Okawaru
 41025 | Vaults:5 | Got a crystal scimitar {god gift}
 41326 | Vaults:5 | Got a silver rune of Zot
 41479 | Vaults:5 | Received a gift from Okawaru
 41860 | Vaults:5 | Identified the Tome of the Eel
 42079 | Vaults:5 | Identified the +6 scimitar "Jellyslayer" {drain, rElec}
                  | (Okawaru gifted it to you on level 5 of the Vaults)
 42366 | D:15     | Upgraded the game from 0.26-a0-1181-gd376ed14c5 to
                  | 0.26-a0-1184-g95e395e029
 42368 | Depths:1 | Entered Level 1 of the Depths
 42510 | Depths:1 | Reached XP level 24. HP: 210/234 MP: 34/34
 42704 | Depths:1 | Found a glowing golden altar of the Shining One.
 42890 | Depths:1 | Received a gift from Okawaru
 43283 | Depths:1 | Found a gateway to Hell.
 43553 | Depths:2 | Found a portal to a secret trove of treasure.
 43695 | Depths:2 | Noticed Nikola
 43707 | Depths:2 | Killed Nikola
 43742 | Depths:2 | Found a runed translucent door.
 43742 | Depths:2 | Noticed Tiydusif's ghost (adept DDFi)
 43795 | Depths:2 | Found the +8 Wrath of Trog {antimagic, *Rage}
 44121 | Depths:2 | Noticed a royal mummy
 44127 | Depths:2 | Killed a royal mummy
 44127 | Depths:2 | Received a gift from Okawaru
 44339 | Depths:2 | Killed Tiydusif's ghost
 44615 | Depths:3 | Found Fur Uph's Antique Armour Boutique.
 44667 | Depths:3 | Found Osulle's Book Boutique.
 44712 | Depths:3 | Found a gateway to a ziggurat.
 44771 | Depths:3 | Found Feibbug's General Store.
 44882 | Depths:3 | Found a one-way gate leading to the halls of Pandemonium.
 45191 | Depths:3 | Noticed a juggernaut
 45228 | Depths:3 | Killed a juggernaut
 45233 | Depths:3 | Received a gift from Okawaru
 45241 | Depths:3 | Killed a ghostly juggernaut
 45271 | Depths:3 | Reached XP level 25. HP: 208/243 MP: 35/35
 45766 | Depths:3 | Bought a potion of ambrosia for 160 gold pieces
 45766 | Depths:3 | Bought a wand of iceblast (5) for 180 gold pieces
 45766 | Depths:3 | Bought a scroll of enchant armour for 150 gold pieces
 46021 | Depths:4 | Identified the Almanac of the Unholy Snowflakes
 46079 | Depths:4 | Found a one-way gate to the infinite horrors of the Abyss.
 47023 | Depths:4 | Received a gift from Okawaru
 47024 | Depths:4 | Got jewelled quicksilver dragon scales {god gift}
 47128 | Depths:4 | Identified the quicksilver dragon scales "Wones" {rElec
                  | Will+ Regen+ Int+2} (Okawaru gifted it to you on level 4 of
                  | the Depths)
 47166 | Depths:5 | Entered Level 5 of the Depths
 47599 | Depths:5 | Found a gate to the Realm of Zot.
 47760 | Depths:5 | Received a gift from Okawaru
 47769 | Depths:5 | Got a pair of masterwork gloves {god gift}
 48288 | Crypt:1  | Entered Level 1 of the Crypt
 48430 | Crypt:1  | Noticed Khufu
 48441 | Crypt:1  | Killed Khufu
 48530 | Crypt:1  | Reached XP level 26. HP: 257/258 MP: 35/35
 49777 | Crypt:2  | Noticed an ancient lich
 49783 | Crypt:2  | Killed an ancient lich
 49874 | Crypt:2  | Identified the -4 pair of gloves of the Blind Marksman
                  | {Int+6 Stlth-} (Okawaru gifted it to you on level 5 of the
                  | Depths)
 49929 | Crypt:3  | Entered Level 3 of the Crypt
 50139 | Crypt:3  | Received a gift from Okawaru
 50336 | Crypt:3  | Got a wavering steel ring
 50372 | Crypt:3  | Identified the ring of the Ageing King {rElec rF+} (You
                  | found it on level 3 of the Crypt)
 51199 | Crypt:3  | Found a staircase to the Tomb.
 51642 | Zot:1    | Entered Level 1 of the Realm of Zot
 51787 | Zot:1    | Received a gift from Okawaru
 52481 | Zot:1    | Reached XP level 27. HP: 222/267 MP: 36/36
 52726 | Zot:2    | Received a gift from Okawaru
 52737 | Zot:2    | Got a heavily runed hat {god gift}
 52738 | Zot:2    | Identified the -1 hat "Tidar" {Str+2 SInv} (Okawaru gifted
                  | it to you on level 2 of the Realm of Zot)
 52975 | Zot:2    | Found a transporter.
 53203 | Zot:2    | Found a transporter.
 53252 | Zot:2    | You fall into a shaft and drop 2 floors!
 53633 | Zot:2    | Noticed an orb of fire
 53633 | Zot:2    | Noticed an ancient lich
 53642 | Zot:2    | Gained mutation: Potions are less effective at restoring
                  | your health. [an orb of fire]
 53646 | Zot:2    | Gained mutation: You are weak. (Str -2) [an orb of fire]
 53647 | Zot:2    | Killed an orb of fire
 53670 | Zot:2    | Killed an ancient lich
 53696 | Zot:2    | Reached skill level 27 in Fighting
 53697 | Zot:2    | HP: 6/273 [storm dragon (14)]
 53698 | Zot:2    | HP: 1/273 [storm dragon (4)]
 53745 | Zot:2    | Got a coiled marble ring
 53755 | Zot:2    | Got an ancient iron ring
 53913 | Zot:2    | Identified the ring "Urutt" {rC- Str+2 Int+4 Dex+4 Stlth-}
                  | (You found it on level 2 of the Realm of Zot)
 53914 | Zot:2    | Identified the ring "Hocohod" {Ice rElec Will+ SInv} (You
                  | found it on level 2 of the Realm of Zot)
 54118 | Zot:3    | Reached skill level 27 in Long Blades
 54432 | Zot:4    | Identified the +4 dragonskin cloak
 54432 | Zot:4    | Noticed Tiamat
 54470 | Zot:4    | Killed Tiamat
 54470 | Zot:4    | Received a gift from Okawaru
 54771 | Zot:4    | Received a gift from Okawaru
 55828 | Zot:5    | Entered Level 5 of the Realm of Zot
 56468 | Zot:5    | Received a gift from Okawaru
 56532 | Zot:5    | Noticed an orb of fire
 56550 | Zot:5    | Killed an orb of fire
 56689 | Zot:5    | Received a gift from Okawaru
 56845 | Zot:5    | Noticed an ancient lich
 56862 | Zot:5    | Killed an ancient lich
 56887 | Zot:5    | Reached skill level 27 in Armour
 56926 | Zot:5    | Reached skill level 1 in Maces & Flails
 56928 | Zot:5    | Noticed an orb of fire
 56928 | Zot:5    | Noticed an ancient lich
 56934 | Zot:5    | Killed an ancient lich
 56940 | Zot:5    | Gained mutation: You tend to lose your temper in combat.
                  | [an orb of fire]
 56946 | Zot:5    | Gained mutation: Your spells are a little easier to cast,
                  | but a little less powerful. [an orb of fire]
 56955 | Zot:5    | Gained mutation: You are frail. (-10% HP) [an orb of fire]
 56957 | Zot:5    | Killed an orb of fire
 57024 | Zot:5    | Received a gift from Okawaru
 57047 | Zot:5    | Reached skill level 27 in Shields
 57760 | Slime:1  | Entered Level 1 of the Pits of Slime
 57956 | Slime:4  | Received a gift from Okawaru
 57995 | Slime:4  | Identified the +1 hat of Claustrophobia {Harm rElec Int-5
                  | Slay+4} (Okawaru gifted it to you on level 4 of the Pits of
                  | Slime)
 58021 | Slime:5  | Entered Level 5 of the Pits of Slime
 58033 | Slime:5  | Reached skill level 1 in Dodging
 58222 | Slime:5  | Gained mutation: Your spells are easier to cast, but less
                  | powerful. [a shining eye]
 58223 | Slime:5  | Gained mutation: Armour fits poorly on your strangely
                  | shaped body. [a shining eye]
 58228 | Slime:5  | Gained mutation: You are very weak. (Str -4) [a shining
                  | eye]
 58230 | Slime:5  | Gained mutation: Scrolls take you a little longer to read.
                  | [a shining eye]
 58343 | Slime:5  | Gained mutation: You are agile. (Dex +2) [a shining eye]
 58397 | Slime:5  | Reached skill level 5 in Dodging
 58475 | Slime:5  | Noticed the Royal Jelly
 58524 | Slime:5  | Killed the Royal Jelly
 58903 | Slime:5  | Got a twitching tin ring
 58928 | Slime:5  | Got a slimy rune of Zot
 59216 | Slime:5  | Got an ebony scimitar
 59248 | Slime:5  | Identified the +8 scimitar "Bazik" {vorpal, +Blink rC+++
                  | rN+ Dex-3} (You found it on level 5 of the Pits of Slime)
 59250 | Slime:5  | Identified the ring "Qefoqid" {MP+9 Int+5 Stlth+} (You
                  | found it on level 5 of the Pits of Slime)
 59569 | Hell     | Entered the Vestibule of Hell
 59569 | Hell     | Noticed Geryon
 59583 | Hell     | Killed Geryon
 59600 | Hell     | Noticed Murray
 59647 | Hell     | Killed Murray
 59803 | Hell     | Found a gateway to the freezing wastes of Cocytus.
 59844 | Hell     | Found a gateway to the Iron City of Dis.
 59986 | Hell     | Found a gateway to the decaying netherworld of Tartarus.
 60156 | Hell     | Found a gateway to the ashen valley of Gehenna.
 60321 | Coc:1    | Entered Level 1 of Cocytus
 60578 | Coc:3    | Received a gift from Okawaru
 60656 | Coc:3    | Reached skill level 10 in Dodging
 60679 | Coc:3    | Lost mutation: You are agile. (Dex +2) [potion of mutation]
 60679 | Coc:3    | Lost mutation: Potions are less effective at restoring your
                  | health. [potion of mutation]
 60679 | Coc:3    | Gained mutation: Your body sometimes deteriorates upon
                  | taking damage. [potion of mutation]
 60679 | Coc:3    | Lost mutation: You are frail. (-10% HP) [potion of
                  | mutation]
 60680 | Coc:3    | Lost mutation: Your body sometimes deteriorates upon taking
                  | damage. [potion of mutation]
 60680 | Coc:3    | Lost mutation: You tend to lose your temper in combat.
                  | [potion of mutation]
 60680 | Coc:3    | Lost mutation: Your spells are easier to cast, but less
                  | powerful. [potion of mutation]
 60680 | Coc:3    | Gained mutation: Your magical capacity is low. (-10% MP)
                  | [potion of mutation]
 60680 | Coc:3    | Lost mutation: Your spells are a little easier to cast, but
                  | a little less powerful. [potion of mutation]
 60681 | Coc:3    | Lost mutation: You are very weak. (Str -4) [potion of
                  | mutation]
 60681 | Coc:3    | Lost mutation: Armour fits poorly on your strangely shaped
                  | body. [potion of mutation]
 60681 | Coc:3    | Gained mutation: Your flesh is cold resistant. (rC+)
                  | [potion of mutation]
 60682 | Coc:3    | Lost mutation: Your magical capacity is low. (-10% MP)
                  | [potion of mutation]
 60682 | Coc:3    | Lost mutation: Scrolls take you a little longer to read.
                  | [potion of mutation]
 60682 | Coc:3    | Lost mutation: You are weak. (Str -2) [potion of mutation]
 60682 | Coc:3    | Gained mutation: Potions are less effective at restoring
                  | your health. [potion of mutation]
 60682 | Coc:3    | Gained mutation: Your mind is acute. (Int +2) [potion of
                  | mutation]
 61199 | Coc:7    | Entered Level 7 of Cocytus
 61348 | Coc:7    | Received a gift from Okawaru
 61870 | Coc:7    | HP: 6/273 [ice dragon/blast of cold (10)]
 61872 | Coc:7    | Mangled by an Ice Fiend

Illustrated notes

Levels and vault maps discovered:
D:1:      dpeg_arrival_brainrot, layout_basic, minmay_worlds_worst_comb
D:2:      layout_loops_cross, lemuel_doored_altar, evilmike_ruin_ashenzari,
          okawaru_altar_gauntlet_db
D:3:      layout_loops_cross, kennysheep_generic_room_4, uniq_robin
D:4:      layout_cave_pools, minmay_temple_entry_butterflies, uniq_natasha
D:5:      layout_cave_pools, kennysheep_generic_room_8
D:6:      layout_rooms, uniq_prince_ribbit1
D:7:      layout_basic, serial_shops, shop, minmay_manual_mess
D:8:      layout_loops_ring, minivault_1
D:9:      layout_big_octagon, nicolae_overflow_hidden_temple
D:10:     layout_roguey, david_orc_2, minmay_gold_behind_fungi,
          lemuel_oklob_altar, uniq_maggie
D:11:     layout_gridville, lair_entry_dummy, serial_shops,
          kennysheep_little_box, elyvilon_altar_1, uniq_gastronok
D:12:     layout_small_grid
D:13:     layout_roguey [special_room_bee], erik_vaults_1, serial_curves,
          eino_curves_01, eino_curves_04, yredelemnul_altar_generic
D:14:     layout_roguey, nrook_mini_vaults
D:15:     hangedman_depths_entry_civil_slaughter, layout_stronghold,
          nrook_mini_backslash, serial_shops, nicolae_shop_behind_doors
Lair:1:   layout_regular_city, minivault_19, grunt_megastairs_4, uniq_grum
Lair:2:   layout_hall_layers, st_stairs_7, uniq_harold
Lair:3:   layout_small_grid, minmay_shoals_entry_centaurs, enter_volcano_2,
          lemuel_fruit_tree
Lair:4:   onia_ninara_swampy_vault, layout_layer_cave, dummy_spider_entry,
          grunt_forest_large_clearings
Lair:5:   layout_loops_ring, nicolae_slime_entry_slimehenge,
          portal_ice_cave_entry_pillars_1, gammafunk_ghost_grave, ice2_lemuel
Lair:6:   grunt_lair_end_beastmaster, layout_misc_corridors,
          serial_bayou_shore_a
Shoals:1: layout_shoals, nicolae_shoals_flooded_hall, uniq_louise
Shoals:2: layout_shoals, uniq_ilsuiw, uniq_polyphemus
Shoals:3: layout_shoals, gammafunk_ghost_necromancy, nicolae_shoals_wave_tunnel,
          uniq_bai_suzhen
Shoals:4: shoals_end_grunt_garden, layout_shoals, uniq_kirke
Spider:1: layout_chambers
Spider:2: layout_spider_delve, uniq_arachne
Spider:3: layout_spider_delve, drop_trap, zaba_antful_of_joy
Spider:4: grunt_spider_rune_circles
Slime:1:  layout_caves
Slime:2:  layout_caves
Slime:3:  nicolae_slime_pool, layout_caves
Slime:4:  layout_caves
Slime:5
Orc:1:    layout_diamond_mine, uniq_jorgrun
Orc:2:    pubby_orc_utopia, uniq_nessos, uniq_azrael, uniq_rupert
Elf:1:    layout_loops_cross, serial_shops, shop, minmay_elf_annihilation
Elf:2:    layout_geoelf_grid, minivault_24
Elf:3:    elf_hall_gauntlet_wide, layout_geoelf_castle, uniq_aizul
Vaults:1: ontoclasm_vaults_ring_small, nicolae_vaults_twisting_passages,
          vaults_dpeg_ring, vaults_room_pools, grunt_vaults_swirl,
          st_octagons_1, hangedman_vaults_hat, ontoclasm_vaults_gateway,
          ontoclasm_vaults_tryst, grunt_vaults_diagonal, v_pattern_1,
          vaults_room_stairs_pillars, hangedman_vaults_impose,
          hangedman_vaults_corner, layout_vaults_maze_bifur, uniq_donald
Vaults:2: vaults_dpeg_cross, vaults_room_door_hall,
          nicolae_vaults_disjoint_gnomons, v_misc_1, v_misc_24,
          ontoclasm_vaults_misaligned, vaults_room_hallway,
          hangedman_vaults_trim, nicolae_vaults_circle_grid_a,
          ontoclasm_vaults_shuriken, dpeg_vaults_monster_box,
          ontoclasm_vaults_loading_screen, layout_vaults_chaotic_city,
          serial_shops, nicolae_shop_stone, basic_altar, uniq_sojobo
Vaults:3: v_misc_13, nicolae_vaults_three_branches, hangedman_vaults_unwind,
          hangedman_vaults_trim, nicolae_vaults_big_ls, hangedman_vaults_trim,
          v_rooms_5, minmay_crypt_entry_nasty_monster, v_alt_pattern_1,
          vaults_room_stairs_pillars, layout_vaults_ring, serial_shops, shop
Vaults:4: v_misc_23, nicolae_vaults_network_square,
          nicolae_vaults_network_periphery, nicolae_vaults_big_angled_halls,
          v_rooms_6, v_misc_4, nicolae_vaults_yaktaur_gun_rack, st_lines,
          v_misc_13, nicolae_vaults_little_squares_4,
          nicolae_vaults_shelves_hall, v_misc_18, grunt_vaults_hallway_short,
          vaults_room_semicircle, layout_vaults_big_cross, uniq_saint_roka
Vaults:5: serial_shops
Crypt:1:  layout_misc_corridors, uniq_khufu
Crypt:2:  layout_gridlike, corexii_leaking_fountain, weyrava_lich_vault
Crypt:3:  due_elkab, layout_chaotic_city, nicolae_tomb_entry_grand_gallery,
          minivault_23
Depths:1: layout_basic, pf_coc_iceberg, kennysheep_cross_room,
          nicolae_two_hexagons, minmay_misc_feat_four_crosses, tso_metal_star
Depths:2: lemuel_minitomb, layout_cave_pools, enter_trove_0,
          pf_hell_entry_tar_spiral, gammafunk_ghost_grave,
          minmay_guarded_unrand_wrath_of_trog, infiniplex_staircase_squiggle,
          firewood_loft, uniq_nikola
Depths:3: minmay_expanding_squares, layout_honeycomb, enter_ziggurat_a,
          serial_shops, shop_fountains, hell_entry, rand_demon_pan_entry_3,
          ebering_dispersal_statue_hall, infiniplex_staircase_zigzag_3,
          minmay_shop_star, serial_bayou_shore_b
Depths:4: four-leaf_vault, layout_small_grid, abyss_entry_small_statue_room,
          chequers_serial_rivers_small_3, grunt_hell_entry_dis_old,
          minmay_staircase_windowed_small, serial_bayou_shore_b,
          serial_bayou_shore_b
Depths:5: grunt_zot_entry_funnels, layout_twisted_cross, grunt_hell_horde,
          chequers_serial_rivers_room_b, grunt_megastairs_2
Hell
Coc:1:    layout_ice_bergs
Coc:2:    layout_ice_bergs
Coc:3:    layout_ice_bergs
Coc:4:    layout_ice_bergs
Coc:5:    layout_cocytus_water_paths
Coc:6:    layout_ice_bergs
Coc:7:    coc_old
Zot:1:    kennysheep_blocky_hall, layout_concentric_octagons
Zot:2:    gammafunk_dig_for_victory, layout_misc_corridors
Zot:3:    layout_basic
Zot:4:    grunt_zot_stairs_faceoff, layout_misc_corridors, uniq_tiamat
Zot:5:    layout_gridlike, st_stairs_8

Skill      XL: |  1  2  3  4  5  6  7  8  9 10 11 12 13 14 15 16 17 18 19 20 21 22 23 24 25 26 27 |
---------------+----------------------------------------------------------------------------------+-----
Armour         | 4 5 6 7 8 9 11 12 13 14 15 16 17 18 20 21 27 | 27.0
Shields        | 4 5 10 12 14 15 17 19 20 22 23 24 25 26 27 | 27.0
Fighting       | 4 5 6 8 9 10 12 13 15 16 17 19 20 21 22 24 25 26 27 | 27.0
Long Blades    | 3 4 6 7 9 11 13 14 15 16 17 18 19 20 21 22 23 24 25 26 27 | 27.0
Invocations    | 1 2 4 5 7 8 9 10 12 13 14 15 16 18 19 20 24 | 24.8
Maces & Flails | 1 |  1.0
Dodging        | 13 | 13.0
Axes           | |  0.7
Polearms       | |  0.9
Staves         | |  0.7
Slings         | |  0.6
Bows           | |  0.6
Crossbows      | |  0.6
Throwing       | |  0.5
Conjurations   | |  0.3
Hexes          | |  0.3
Summonings     | |  0.3
Necromancy     | |  0.3
Translocations | |  0.3
Transmutations | |  0.3
Fire Magic     | |  0.3
Ice Magic      | |  0.3
Air Magic      | |  0.6
Earth Magic    | |  0.4
Poison Magic   | |  0.4

Action                   |  1- 3 |  4- 6 |  7- 9 | 10-12 | 13-15 | 16-18 | 19-21 | 22-24 | 25-27 || total
-------------------------+-------+-------+-------+-------+-------+-------+-------+-------+-------++-------
Melee: Long sword        |    54 |   214 |   425 |    93 |       |       |       |       |       ||   786
       Headbutt          |    15 |    33 |    90 |   165 |   327 |   466 |   448 |   556 |  1217 ||  3317
       Scimitar          |       |       |       |   521 |  1053 |   340 |       |       |       ||  1914
       Katana            |       |       |       |       |       |   921 |  1262 |  1399 |  2951 ||  6533
       Unarmed           |       |       |       |       |       |       |       |       |    12 ||    12
Invok: Heroism           |       |       |     7 |     7 |    10 |     2 |     4 |     2 |     1 ||    33
       Finesse           |       |       |       |     1 |     3 |       |     1 |     1 |     8 ||    14
Evoke: Wand              |       |       |       |       |       |       |       |       |     4 ||     4
  Use: Scroll            |       |    10 |     8 |     8 |    10 |    11 |     8 |     8 |    30 ||    93
       Potion            |       |       |     2 |     2 |     4 |     3 |       |     1 |    10 ||    22
 Stab: Petrified         |       |       |       |       |    17 |       |       |       |       ||    17
       Confused          |       |       |       |       |     3 |       |       |       |       ||     3
       Petrifying        |       |       |       |       |     2 |       |       |       |       ||     2
       Held in net/web   |       |       |       |       |       |     4 |       |       |       ||     4
       Distracted        |       |       |       |       |       |     1 |       |       |       ||     1
Armor: Scale mail        |    19 |    55 |       |       |       |       |       |       |       ||    74
       Chain mail        |       |    12 |   154 |   158 |       |       |       |       |       ||   324
       Plate armour      |       |       |       |   135 |   361 |   464 |   256 |   407 |     4 ||  1627
       Gold dragon scale |       |       |       |       |       |       |       |       |  1048 ||  1048
Dodge: Dodged            |    24 |    51 |    70 |   122 |   161 |   132 |    94 |   146 |   444 ||  1244
Block: Kite shield       |    25 |   111 |   238 |   413 |   633 |       |       |       |       ||  1420
       Tower shield      |       |       |       |       |       |  1213 |  1097 |  1394 |  3031 ||  6735
       Rpst.: Long sword |     6 |    17 |    19 |     7 |       |       |       |       |       ||    49
       Scimitar          |       |       |       |    24 |    39 |    10 |       |       |       ||    73
       Katana            |       |       |       |       |       |    19 |    12 |    24 |    68 ||   123

Table legend: (Time is in decaauts)
 A = Elapsed time spent in this place.
 B = Non-inter-level travel time spent in this place.
 C = Inter-level travel time spent in this place.
 D = Time resting spent in this place.
 E = Time spent auto-exploring this place.
 F = Levels seen in this place.
 G = Mean time per level.
                   A        B        C        D        E       F      G
               +--------+--------+--------+--------+--------+-----+--------+
         Total |  58848 |  53218 |   5630 |   2249 |  36642 |  67 |  878.3 |
       Dungeon |  12350 |  10969 |   1381 |     95 |   8218 |  15 |  823.3 |
          Lair |   7296 |   6341 |    955 |    239 |   4822 |   6 | 1216.0 |
        Shoals |   3273 |   3113 |    160 |      0 |   2302 |   4 |  818.2 |
   Spider Nest |   3719 |   3529 |    190 |    152 |   2742 |   4 |  929.8 |
    Slime Pits |   1401 |   1346 |     55 |    541 |    321 |   5 |  280.2 |
  Orcish Mines |   2571 |   2283 |    288 |     72 |   1551 |   2 | 1285.5 |
   Elven Halls |   3175 |   3013 |    162 |      2 |   2163 |   3 | 1058.3 |
        Vaults |   8309 |   7291 |   1018 |    219 |   4997 |   5 | 1661.8 |
         Crypt |   2832 |   2655 |    177 |      0 |   1937 |   3 |  944.0 |
        Depths |   5688 |   4924 |    764 |      0 |   3706 |   5 | 1137.6 |
          Hell |    670 |    670 |      0 |    104 |    282 |   1 |  670.0 |
       Cocytus |   1330 |   1330 |      0 |    300 |     66 |   7 |  190.0 |
           Zot |   5307 |   4830 |    477 |    330 |   3217 |   5 | 1061.4 |
      Ice Cave |    763 |    763 |      0 |    194 |    314 |   1 |  763.0 |
       Volcano |    158 |    158 |      0 |      0 |      0 |   1 |  158.0 |
               +--------+--------+--------+--------+--------+-----+--------+

Top non-repeatable levels by time:
   Orc:2: 1962 daAuts
Vaults:4: 1917 daAuts
Vaults:5: 1741 daAuts
Vaults:1: 1657 daAuts
   Elf:3: 1568 daAuts
Vaults:2: 1533 daAuts
  Lair:4: 1503 daAuts
Vaults:3: 1459 daAuts
  Lair:3: 1447 daAuts
Depths:3: 1393 daAuts
Depths:4: 1372 daAuts
    D:11: 1351 daAuts
   Zot:5: 1294 daAuts
Spider:1: 1263 daAuts
 Crypt:3: 1232 daAuts
